 Dungeon Crawl Stone Soup version bcrawl-1.14 (webtiles) character file.

Game seed: 12064556354052464564

139 MisterOstroum the Sneak (level 5, 0/31 HPs)
             Began as a Vine Stalker Rogue on Sept 17, 2019.
             Killed by divine providence
             ... invoked by an orc priest
              (16 damage)
             ... on level 3 of the Dungeon.
             The game lasted 00:09:13 (2538 turns).

MisterOstroum the Sneak (Vine Stalker Rogue)        Turns: 2538, Time: 00:09:14

Health: 0/31       AC: 11    Str: 13    XL:     5   Next: 22%
Magic:  7/7        EV: 10    Int: 11    God:
Gold:   163        SH:  0    Dex: 17    Spells: 4/4 levels left

rFire    + + .     SeeInvis +   a - +2 dagger
rCold    x . .     Gourm    .   (no shield)
rNeg     . . .     Faith    .   A - +0 fire dragon scales
rPois    .         Spirit   .   t - +1 hat
rElec    .         Reflect  .   d - +0 cloak
rCorr    .         Harm     .   (no gloves)
MR       .....                  z - +0 pair of boots
Stlth    ++........             (no amulet)
HPRegen  0.50/turn              v - ring of see invisible
MPRegen  0.10/turn              o - +2 ring of evasion

@: no status effects
A: fangs 2, regeneration 1, no potion heal 3, rot immunity, strong jaws
a: no special abilities


You were on level 3 of the Dungeon.
You were not hungry.

You visited 1 branch of the dungeon, and saw 3 of its levels.

You collected 163 gold pieces.

Inventory:

Hand Weapons
 a - a +2 dagger (weapon)
 b - a +0 blowgun
 u - a +2 vampiric short sword
Missiles
 h - 56 poisoned needles
 i - 667 stones (quivered)
Armour
 c - a +0 robe
 d - a +0 cloak (worn)
 l - a +0 shield
 t - a +1 hat (worn)
 z - a +0 pair of boots (worn)
 A - +0 fire dragon scales (worn)
Jewellery
 o - a +2 ring of evasion (right hand)
 p - an uncursed ring of insulation
 v - a ring of see invisible (left hand)
Wands
 f - a wand of flame (14)
 g - a wand of enslavement (15)
Scrolls
 k - a scroll of teleportation {unknown}
 q - a scroll of enchant armour {unknown}
 r - 3 scrolls of remove curse {unknown}
 w - 2 scrolls of enchant weapon {unknown}
 x - a scroll of magic mapping {unknown}
 y - a scroll of fog {unknown}
Potions
 j - 3 potions of curing {unknown}
 m - a potion of degeneration {unknown}
 n - a potion of heal wounds {unknown}
 s - a potion of flight {unknown}
Comestibles
 e - 9 rations {!d}


   Skills:
 + Level 2.4 Fighting
 - Level 3.0 Short Blades
 - Level 1.0 Dodging
 - Level 7.0 Stealth
 + Level 2.4 Evocations


You had 4 spell levels left.
You didn't know any spells.
Your spell library was empty.

Dungeon Overview and Level Annotations

Branches:
Dungeon (3/12)

Altars:
Trog

Annotations:
D:2 1 runed door, exclusion: door


Innate Abilities, Weirdness & Mutations

You have extremely sharp teeth.
Your natural rate of healing is unusually fast.
Potions cannot restore your health.
You are immune to rotting.
Your bites deal extra damage.


Message History

Firing (i - inventory. (/) - cycle)
h - 68 poisoned needles (quivered)
Press: ? - help, Shift-Dir - straight line, f - orc
Aim: an orc, wielding a +0 dagger and wearing a +0 scale mail You shoot a poisoned needle.
The poisoned needle hits the orc.
The orc is poisoned.
Firing (i - inventory. (/) - cycle)
h - 67 poisoned needles (quivered)
Press: ? - help, Shift-Dir - straight line, f - orc, p - orc
Aim: an orc, wielding a +0 trident You shoot a poisoned needle.
The poisoned needle hits the orc!
The orc looks even sicker.
Firing (i - inventory. (/) - cycle)
h - 66 poisoned needles (quivered)
Press: ? - help, Shift-Dir - straight line, f/p - orc
Aim: an orc, wielding a +0 trident You shoot a poisoned needle.
The poisoned needle barely misses the orc.
The poisoned needle closely misses the orc.
You kill the orc!
There is a stone staircase leading up here.
Firing (i - inventory. (/) - cycle)
h - 65 poisoned needles (quivered)
Press: ? - help, Shift-Dir - straight line, f/p - orc
Aim: an orc, wielding a +0 trident You shoot a poisoned needle.
The poisoned needle barely misses the orc.
Firing (i - inventory. (/) - cycle)
h - 64 poisoned needles (quivered)
Press: ? - help, Shift-Dir - straight line, f/p - orc
Aim: an orc, wielding a +0 trident You shoot a poisoned needle.
The poisoned needle hits the orc.
The orc is poisoned.
The orc priest calls upon Beogh to heal the orc.
The orc's wounds heal themselves!
The orc looks more healthy.
Firing (i - inventory. (/) - cycle)
h - 63 poisoned needles (quivered)
Press: ? - help, Shift-Dir - straight line, f/p - orc
Aim: an orc, wielding a +0 trident (moderately wounded)
You shoot a poisoned needle.
The poisoned needle barely misses the orc.
Firing (i - inventory. (/) - cycle)
h - 62 poisoned needles (quivered)
Press: ? - help, Shift-Dir - straight line, f - orc priest, p - orc
Aim: an orc priest You shoot a poisoned needle.
The poisoned needle barely misses the orc.
The poisoned needle closely misses the orc priest.
The orc hits you from afar with a +0 trident.
The orc barely misses you.
Firing (i - inventory. (/) - cycle)
h - 61 poisoned needles (quivered)
Press: ? - help, Shift-Dir - straight line, f/p - orc priest
Aim: an orc priest You shoot a poisoned needle.
The poisoned needle closely misses the orc.
The poisoned needle barely misses the orc priest.
Firing (i - inventory. (/) - cycle)
h - 60 poisoned needles (quivered)
Press: ? - help, Shift-Dir - straight line, f/p - orc priest
Aim: an orc priest You shoot a poisoned needle.
The poisoned needle hits the orc.
The orc is poisoned.
The orc is moderately wounded.
The orc hits you but does no damage.
Firing (i - inventory. (/) - cycle)
h - 59 poisoned needles (quivered)
Press: ? - help, Shift-Dir - straight line, f - orc priest, p - orc
Aim: an orc priest You shoot a poisoned needle.
The poisoned needle hits the orc.
The orc looks even sicker.
The orc is severely wounded.
You kill the orc!
Firing (i - inventory. (/) - cycle)
h - 58 poisoned needles (quivered)
Press: ? - help, Shift-Dir - straight line, f/p - orc priest
Aim: an orc priest You shoot a poisoned needle.
The poisoned needle closely misses the orc priest.
The orc priest calls down the wrath of Beogh upon you.
Pain shoots through your body!
Firing (i - inventory. (/) - cycle)
h - 57 poisoned needles (quivered)
Press: ? - help, Shift-Dir - straight line, f/p - orc priest
Aim: an orc priest You shoot a poisoned needle.
The poisoned needle closely misses the orc priest.
The orc priest hits you.
Wield which item (- for none, * to show all)? (? for menu, Esc to quit)
a - a +2 dagger (weapon)
You completely miss the orc priest.
The orc priest hits you but does no damage.
You barely miss the orc priest. The orc priest barely misses you.
You hit the orc priest.
The orc priest is heavily wounded.
The orc priest invokes the aid of Beogh against you.
Beogh smites you!
You hit the orc priest. Your bite misses the orc priest.
The orc priest is heavily wounded.
You hit the orc priest.
The orc priest is severely wounded.
The orc priest misses you.
You closely miss the orc priest.
The orc priest is severely wounded.
The orc priest barely misses you.
You hit the orc priest.
The orc priest is almost dead.
The orc priest calls down the wrath of Beogh upon you.
Beogh smites you!
Ouch! That really hurt!
You die...

#.#.... #........ #.##...#
#........ #.##..o. #........
#.###.... ###........ ..# #....
#.......... ### #..........
###.#....)..# # ######
#######...#.####.## #
#....######.@o.)..#....###.#
#####..####.....#####.#....##..#
..o<...# #..##### #.#....##.##
####...# #.## ##o#....##.#
##..###.## #..#.......#
####........# #.##....#..#
#...........# ##.##....#..##
..#.<#......## ##..##...>#...##
.#..##.......#####..###....#.#..#


You could see an orc priest.

Vanquished Creatures
  4 adders
  An ooze (D:2)
  2 worms
  5 leopard geckos
  3 orcs
  8 bats
  4 giant cockroaches
  18 hobgoblins
  8 jackals
  A quokka (D:2)
  2 frilled lizards
  7 goblins
  12 kobolds
  A rat (D:2)
76 creatures vanquished.

Notes
Turn   | Place    | Note
-------+----------+-------------------------------------------
     0 | D:1      | MisterOstroum the Vine Stalker Rogue began the quest for
                  | the Orb.
     0 | D:1      | Reached XP level 1. HP: 12/12 MP: 3/3
    49 | D:1      | Reached skill level 6 in Stealth
   115 | D:1      | Reached XP level 2. HP: 14/17 MP: 4/4
   369 | D:1      | Reached skill level 1 in Dodging
   522 | D:1      | Reached XP level 3. HP: 20/21 MP: 5/5
  1082 | D:2      | Reached XP level 4. HP: 26/26 MP: 6/6
  1722 | D:2      | Found a runed door.
  1853 | D:3      | Found a bloodstained altar of Trog.
  1908 | D:3      | Reached skill level 7 in Stealth
  2108 | D:3      | Reached XP level 5. HP: 26/30 MP: 7/7
  2538 | D:3      | Killed from afar by an orc priest

Skill      XL: |  1  2  3  4 |
---------------+-------------+-----
Stealth        | 6 7 |  7.0
Fighting       | 2 |  2.4
Short Blades   | 2 3 |  3.0
Dodging        | 1 |  1.0
Evocations     | 2 |  2.4

Action                   |  1- 3 |  4- 6 || total
-------------------------+-------+-------++-------
Melee: Dagger            |   132 |   142 ||   274
       Bite              |    11 |     9 ||    20
 Fire: Blowgun           |       |    24 ||    24
Throw: Stone             |     8 |     6 ||    14
Evoke: Wand              |       |     1 ||     1
 Stab: Sleeping          |    11 |     1 ||    12
  Eat: Chunk             |     1 |     4 ||     5
Armor: Robe              |    23 |    23 ||    46
       Fire dragon scale |       |    61 ||    61
Dodge: Dodged            |    88 |   102 ||   190
